 Dungeon Crawl Stone Soup version 0.30.1 (webtiles) character file.

Game seed: 80337492160565865

44 OlManJenkins the Shooter (level 3, -1/27 HPs)
             Began as a Human Hunter on July 3, 2023.
             Slain by salammoniac's ghost (8 damage)
             ... on level 3 of the Dungeon.
             The game lasted 00:14:18 (986 turns).

OlManJenkins the Shooter (Human Hunter)              Turns: 986, Time: 00:14:18

Health: -1/27      AC:  2    Str: 11    XL:     3   Next: 87%
Magic:  12/12      EV: 12    Int:  9    God:
Gold:   48         SH:  0    Dex: 18    Spells: 2/2 levels left

rFire   . . .        s - +1 spear (heavy)
rCold   . . .        (no shield)
rNeg    . . .        q - +0 robe
rPois   .            (no helmet)
rElec   .            (no cloak)
rCorr   .            (no gloves)
SInv    .            (no boots)
Will    .....        (no amulet)
Stlth   ++           n - ring of magical power
HPRegen 0.24/turn    (no ring)
MPRegen 0.13/turn

%: no passive effects
@: no status effects
A: no striking features
a: no special abilities


You were on level 3 of the Dungeon.
You visited 1 branch of the dungeon, and saw 3 of its levels.

You collected 48 gold pieces.

Inventory:

Hand Weapons
 a - a +1 shortbow
 d - a +0 short sword
 e - a +0 whip
 h - a +0 dagger
 j - a +0 club
 s - a +1 heavy spear (weapon)
Missiles
 m - 6 stones
Armour
 c - a +0 leather armour
 k - a +0 leather armour
 l - a +0 leather armour
 p - an orb of light
 q - a +0 robe (worn)
Jewellery
 n - a ring of magical power (left hand)
Scrolls
 b - a scroll of immolation
 f - a scroll of poison {unknown}
 g - a scroll of magic mapping {unknown}
 i - 4 scrolls of identify {unknown}
 o - a scroll of acquirement {unknown}
 r - a scroll of teleportation {unknown}
 t - a scroll of fear {unknown}


   Skills:
 + Level 2.2 Fighting
 + Level 0.1 Polearms
 + Level 4.9 Ranged Weapons
 + Level 0.2 Armour
 + Level 2.2 Dodging
 + Level 1.0 Stealth


You had 2 spell levels left.
You didn't know any spells.
Your spell library was empty.

Dungeon Overview and Level Annotations

Branches:
Dungeon (3/15)

Altars:

Shops:
D:2 *

Annotations:
D:3 salammoniac's ghost, amateur DgGl


Message History

You hit the hound.
The hound is moderately wounded.
The hound bites you. The hound closely misses you.
You completely miss the hound.
The hound is moderately wounded.
The hound closely misses you. x2; The hound bites you.
You barely miss the hound.
The hound is moderately wounded.
The hound bites you but does no damage. The hound closely misses you.
You hit the hound but do no damage.
The hound is moderately wounded.
The hound barely misses you.
Salammoniac's ghost ripples.
The hound bites you. The hound barely misses you.
You puncture the hound!
The hound is almost dead.
The hound bites you. The hound completely misses you.
You hit the hound.
The hound is almost dead.
The hound misses you. The hound barely misses you. The hound bites you.
* * * LOW HITPOINT WARNING * * *
You puncture the hound!
You kill the hound!
Salammoniac's ghost misses you.
You have reached level 3!
Your experience leads to an increase in your attributes!
Increase (S)trength, (I)ntelligence, or (D)exterity?
Uppercase letters only, please.
You feel agile. x2
Salammoniac's ghost attacks as you move away!
Salammoniac's ghost misses you.
You hit salammoniac's ghost but do no damage.
Salammoniac's ghost completely misses you.
You hit salammoniac's ghost but do no damage.
Salammoniac's ghost barely misses you. x2
You barely miss salammoniac's ghost.
Salammoniac's ghost hits you but does no damage.
Salammoniac's ghost shouts, "What do you have that I didn't have?"
Salammoniac's ghost hits you!
You die...

#.#.####.#
#.#
#........#
..#
#.....####
###.#.# #.#.#
#.#.#
#.#.#########
#...##..#...#
###...@W'$?.#
#.##..#..=#
#<###.#####
#.# #... #.#
#...# #..
...## #.#
#### #.#


You could see salammoniac's ghost.

Vanquished Creatures
  A hound (D:3)
  2 ball pythons (D:1)
  2 endoplasms
  4 hobgoblins
  2 kobolds (D:1)
  2 bats (D:3)
  3 rats
16 creatures vanquished.

Notes
Turn   | Place    | Note
-------+----------+-------------------------------------------
     0 | D:1      | OlManJenkins the Human Hunter began the quest for the Orb.
     0 | D:1      | Reached XP level 1. HP: 16/16 MP: 1/1
   114 | D:1      | Reached XP level 2. HP: 4/22 MP: 2/2
   196 | D:1      | You fall into a shaft and drop 1 floor!
   369 | D:2      | Found Bairom's General Store.
   966 | D:3      | Found a runed translucent door.
   966 | D:3      | Noticed salammoniac's ghost (amateur DgGl)
   983 | D:3      | Reached XP level 3. HP: 6/27 MP: 3/3
   986 | D:3      | Slain by salammoniac's ghost

Illustrated notes

Levels and vault maps discovered:
D:1:      ncdulo_wetmaze, layout_basic, minmay_quantized
D:2:      layout_rooms, serial_shops, shop, shop, shop,
          kennysheep_big_empty_room, lexackson_kobold_supper
D:3:      layout_loops_ring, nicolae_sif_muna_little_library,
          ebering_ghost_inner_flame, kennysheep_generic_room_15

Action                     || total
---------------------------++-------
  Melee: Short sword       ||    15
         Spear             ||    13
   Fire: Shortbow          ||    21
    Use: Scroll            ||     1
 Armour: Leather armour    ||    10
         Robe              ||     4
  Dodge: Dodged            ||    45
